[Event "E Women's Chess World Championship"]
[Site "Shanghai, China"]
[Date "2023.07.08"]
[Round "3"]
[White "Lei, Tingjie"]
[Black "Ju, Wenjun"]
[Result "1/2-1/2"]
[WhiteElo "2554"]
[BlackElo "2564"]
[ECO "C65"]
[EventDate "2023.??.??"]
[Annotator "rafael"]
[PlyCount "98"]
[Beauty "5638084119049"]
[EventType "match"]
[EventRounds "3"]
[EventCountry "CHN"]
[TimeControl "40/5400+30:1800+30"]

1.e4 e5 2.Nf3 Nc6 3.Bb5 Nf6 4.d3 Bc5 5.c3 O-O 6.Bg5 $5 {[%c_effect g5;square;g5;type;Interesting;persistent;true] A rare move, certainly well studied by Lei's team. This type of pin, once considered dubious, is now an interesting try in the Ruy Lopez and also in the Italian.} ( 6.O-O {This is a popular position in grandmaster tournaments nowadays.} ) 6...d6 {Played after long thought, indicating that Ju was surprised by 6.Bg5.} ( 6...h6 7.Bh4 Be7 {This is the major position after White's sideline.} 8.O-O d6 9.Bg3 a6 10.Ba4 b5 11.Bc2 Re8 12.Nbd2 {with a typical middlegame from the Ruy Lopez in Topalov-Nakamura, Riga 2019.} ) 7.Nbd2 a6 ( 7...h6 8.Bh4 g5 {This was played in a recent game. Though I previously wrote that the cases when the knight sacrifice on g5 work are rare, it seems this position is an exception.} 9.Nxg5 $1 ( 9.Bg3 Nh5 {was equal in Fedoseev-Gines Esteo, Linares 2022.} ) 9...hxg5 10.Bxg5 Kg7 11.Qf3 {White will place the king on the queenside and advance the kingside pawns. Black's position is very dangerous. This was actually played in Martin Gonzalez-Vives Esmerat, Spain 2003.} ) 8.Bxc6 {This is more logical than retreating the bishop to a4.} 8...bxc6 9.d4 exd4 10.cxd4 Bb6 {A new move. It's difficult to say whether the bishop is better on a7 or on b6.} ( 10...Ba7 11.O-O h6 12.Bh4 Re8 13.Qa4 Bd7 14.e5 g5 {with big complications in Yu-Wang, Huaian (rapid) 2017.} ) 11.O-O h6 12.Bf4 $2 {[%c_effect f4;square;f4;type;Mistake;persistent;true] Basically the pin on the f6-knight is Black's only cause for concern in this position. White should have sustained it.} ( 12.Bh4 {is the way to fight for an advantage.} 12...Re8 ( 12...g5 $2 {[%c_effect g5;square;g5;type;Mistake;persistent;true] Again the sacrifice on g5 is very dangerous. Maybe those sacs work more often than I thought.} 13.Nxg5 $1 hxg5 14.Bxg5 Bxd4 15.Nf3 Bxb2 16.Rb1 {White will have a crushing attack on the kingside. The rook can go to b3 and join the attack.} ) 13.Re1 ( 13.Qa4 {leads to a similar position to the one we saw in the notes to 10...Ba7.} 13...Bd7 14.e5 g5 {with a sharp game.} ) 13...g5 $1 {[%c_effect g5;square;g5;type;GreatFind;persistent;true] Now is the right time for this advance.} 14.Bg3 ( 14.Nxg5 {is not so convincing here, but the reason for this is very subtle:} 14...hxg5 15.Bxg5 Bxd4 16.Nf3 Bxb2 17.Rb1 Bc3 18.Re3 Qd7 $3 {[%c_effect d7;square;d7;type;Brilliant;persistent;true] The only move.} 19.Rxc3 Nxe4 {with a good position for Black.} ) 14...Nh5 {with chances for both sides.} ) 12...Re8 ( 12...Nh5 {gives Black good play.} 13.Be3 f5 $1 {[%c_effect f5;square;f5;type;GreatFind;persistent;true] with the advantage.} ) 13.Qc2 ( 13.Re1 {is more accurate, preventing Black's next move.} ) 13...Nxe4 $1 {[%c_effect e4;square;e4;type;GreatFind;persistent;true] A nice tactical operation using the pin on the e4-knight.} 14.Nxe4 Bf5 15.Rfe1 d5 16.Ne5 Bxe4 ( 16...dxe4 {is also possible. The position is more comfortable for Black after} 17.Nxc6 Qd5 ) 17.Qc3 Qf6 18.Bg3 Re6 19.Kh1 ( 19.Rac1 {is more natural, immediately trying to capture the c6-pawn.} ) 19...a5 ( 19...h5 $1 {[%c_effect h5;square;h5;type;GreatFind;persistent;true] It's probably better to start some action on the kingside immediately. Black has the initiative in this case, for instance:} 20.h4 ( 20.f3 h4 $1 21.Bf2 h3 $1 ) 20...g5 $1 ) 20.f3 Bf5 21.a4 h5 22.Bf2 ( 22.h4 g5 $1 {[%c_effect g5;square;g5;type;GreatFind;persistent;true] with the initiative.} ) 22...Rae8 23.Rf1 ( 23.Rac1 $6 {[%c_effect c1;square;c1;type;Inaccuracy;persistent;true] is natural, but after} 23...h4 24.h3 c5 $1 25.dxc5 Ba7 26.Bd4 ( 26.Qxa5 Bxh3 $3 27.gxh3 Rxe5 {with a winning attack.} ) 26...c6 $1 {[%c_effect c6;square;c6;type;GreatFind;persistent;true] the bishop goes to b8 and suddenly Black achieves a decisive advantage.} ) ( 23.h4 {is possible:} 23...g5 24.Qd2 gxh4 25.Qf4 {The queen comes to protect the kingside and the chances are equal.} ) 23...c5 {This move more or less forces a draw.} ( 23...Qd8 $5 {[%c_effect d8;square;d8;type;Interesting;persistent;true] is an interesting winning attempt. The queen will go to a8 and then a6, a modern version of Rubinstein's famous queen maneuver from his 1907 game against Janowsky. The knight will be pushed back with f7-f6. Needless to say, it's not easy to play like this.} ) 24.dxc5 Qxe5 25.Qxe5 Rxe5 26.cxb6 cxb6 27.Bxb6 Re2 28.Bxa5 Rxb2 29.Bc3 Rc2 30.Rfc1 Ree2 {After mass exchanges, the only danger left is the a-pawn.} 31.a5 Bd3 $1 {[%c_effect d3;square;d3;type;GreatFind;persistent;true] The bishop comes to the rescue.} 32.Rxc2 Rxc2 33.Bd4 Ba6 34.Kg1 f6 35.Rb1 Ra2 36.Ra1 Rd2 37.Bc3 Rc2 38.Bd4 Kf7 39.h4 Rc4 40.Rd1 Ke6 41.Kf2 Ra4 42.Ke3 Ra2 ( 42...Rxa5 43.Ra1 Rxa1 44.Bxa1 {leads to a completely drawn endgame.} ) 43.g3 Ra3+ 44.Kf2 Kd6 45.Rb1 Kd7 46.Rb8 Ra2+ 47.Ke3 Ra3+ 48.Kf2 Ra2+ 49.Ke3 Ra3+ 1/2-1/2

[Event "E Women's Chess World Championship"]
[Site "Shanghai, China"]
[Date "2023.07.11"]
[Round "5"]
[White "Lei, Tingjie"]
[Black "Ju, Wenjun"]
[Result "1-0"]
[WhiteElo "2554"]
[BlackElo "2564"]
[ECO "C54"]
[EventDate "2023.??.??"]
[Annotator "rafael"]
[PlyCount "129"]
[Beauty "6119523117577"]
[EventType "match"]
[EventRounds "3"]
[EventCountry "CHN"]
[TimeControl "40/5400+30:1800+30"]

1.e4 e5 2.Nf3 Nc6 3.Bc4 Nf6 4.d3 Bc5 5.O-O d6 6.c3 a5 7.Bb3 O-O 8.Re1 Ba7 9.h3 {The move orders in the Italian Opening are very subtle. The important point here is to note that White doesn't develop the knight on d2 too early: the idea is to be ready to play d4 quickly.} 9...Be6 ( 9...h6 {is a natural move and possibly more accurate.} 10.d4 ( 10.Nbd2 {is possible, but then White loses the option of playing d4 quickly.} ) 10...Re8 11.Bc2 Bd7 {This position has been discussed in some important games.} ( 11...d5 $5 {[%c_effect d5;square;d5;type;Interesting;persistent;true] is also an interesting option.} ) ) 10.Bc2 h6 11.d4 $1 {[%c_effect d4;square;d4;type;GreatFind;persistent;true] This has the advantage of not developing the knight on d2 so soon. White is ready to play d4 as the pawn is protected.} 11...exd4 12.Nxd4 $1 {[%c_effect d4;square;d4;type;GreatFind;persistent;true] As usual in the match, Lei displays excellent opening preparation. This is an important moment in the game.} ( 12.cxd4 {is not as good:} 12...d5 13.e5 Ne4 14.Nc3 f5 $1 15.exf6 Nxf2 $3 {[%c_effect f2;square;f2;type;Brilliant;persistent;true] This important tactical move has never been played before.} 16.Kxf2 Nxd4 $1 17.Nxd4 Qxf6+ {With big complications where Black is not worse.} ) 12...Bd7 $6 {[%c_effect d7;square;d7;type;Inaccuracy;persistent;true] This is not in the spirit of the position. A more dynamic move is required.} ( 12...Nxd4 13.cxd4 d5 14.e5 Ne4 {The same plan can still be tried, although in a less favorable version for Black.} 15.Nc3 f5 $1 ( {Note that} 15...Nxc3 $2 {[%c_effect c3;square;c3;type;Mistake;persistent;true] is a big positional mistake.} 16.bxc3 {and White has a strong attack now that the center is firmly protected.} ) 16.Ne2 $1 {[%c_effect e2;square;e2;type;GreatFind;persistent;true] the white knight goes to f4 while Black's knight is unstable. White has the advantage.} ( 16.f3 {is not good after} 16...f4 $3 17.fxe4 Qh4 18.Rf1 f3 $1 19.Rxf3 Rxf3 20.Qxf3 Qe1+ 21.Kh2 Bxd4 {with counterplay.} ) ) ( 12...d5 $1 {[%c_effect d5;square;d5;type;GreatFind;persistent;true] is the best way to fight for equality.} 13.Nxc6 ( 13.e5 Ne4 14.Be3 Nxd4 15.cxd4 f5 {with a good position for Black.} ) ( 13.Nxe6 fxe6 14.Be3 Bxe3 15.Rxe3 d4 {with an equal position.} ) 13...bxc6 14.Nd2 dxe4 15.Nxe4 Nxe4 16.Bxe4 Bd5 {Black's activity compensates for the bad pawn structure. A possible continuation is} 17.Bf4 Re8 18.Qc2 Qh4 19.Bxd5 Qxf4 20.Bxc6 Rxe1+ 21.Rxe1 Rd8 22.Bf3 g6 {with a likely draw.} ) 13.Be3 {White is ready to develop the knight on d2 with a better position.} 13...Ne5 {A new move, preparing to attack the strong knight on d4.} ( 13...Re8 14.Nd2 Nxd4 15.cxd4 Bb5 $6 {[%c_effect b5;square;b5;type;Inaccuracy;persistent;true] This led to disaster after} 16.a4 Ba6 17.Ra3 $1 {[%c_effect a3;square;a3;type;GreatFind;persistent;true] The rook prepares the journey to the kingside: Andersen-Lipok, Bundesliga 2022.} ) 14.Nd2 c5 15.N4f3 Bc6 16.Nxe5 $1 dxe5 17.a4 $1 {[%c_effect a4;square;a4;type;GreatFind;persistent;true] White has a clear positional advantage now due to the better pawn structure.} 17...Qe7 18.Qe2 Rfd8 19.Red1 ( 19.Nc4 {is a natural move:} 19...Bb8 ) ( 19.Bd3 $1 {[%c_effect d3;square;d3;type;GreatFind;persistent;true] is the best, preparing to place the bishop on b5.} 19...Bb8 20.Bb5 $1 {[%c_effect b5;square;b5;type;GreatFind;persistent;true] with a clear advantage.} ) 19...Bb8 20.Qc4 $5 {[%c_effect c4;square;c4;type;Interesting;persistent;true] An unconventional move. The queen, not the knight, goes to c4.} 20...b6 ( 20...Bd6 21.Nb1 $5 {[%c_effect b1;square;b1;type;Interesting;persistent;true] The knight goes to b5.} ( 21.Nf1 Nh5 $1 ) ) ( 20...Nd7 21.Nf1 {Now the knight goes to g3.} ) 21.b4 $1 axb4 $6 {[%c_effect b4;square;b4;type;Inaccuracy;persistent;true] It's better to keep the queenside closed.} ( 21...Bd6 $1 ) 22.cxb4 Bd6 23.b5 Bd7 24.Qc3 $1 {[%c_effect c3;square;c3;type;GreatFind;persistent;true] Freeing the c4-square for the knight.} 24...Be6 25.Nc4 Bxc4 26.Qxc4 {White has a dream positional advantage, but it's not easy to break the resistance in a world championship match.} 26...Ne8 $1 {[%c_effect e8;square;e8;type;GreatFind;persistent;true] Heading the knight to the d4-square.} 27.Bb3 Nc7 28.Qc2 Ne6 29.Bd5 Rab8 30.Bxe6 $6 {[%c_effect e6;square;e6;type;Inaccuracy;persistent;true] A difficult decision. This move is not the computer's favorite, but for human eyes, it looks very sensible to eliminate this knight.} ( 30.g3 Nd4 31.Qc4 {with the advantage. Black doesn't have much counterplay, and White can try to break on a5 at some point.} ) 30...Qxe6 ( 30...fxe6 $6 {[%c_effect e6;square;e6;type;Inaccuracy;persistent;true] controls the d5-square but leaves the pawn structure too weak.} ) 31.Rd5 Be7 32.Rad1 Rxd5 33.Rxd5 Ra8 $6 ( 33...Bg5 {This is a natural move to exchange the bad bishop, but here it doesn't work so well after} 34.Bxg5 hxg5 35.Qd1 ) ( 33...Rc8 $1 {[%c_effect c8;square;c8;type;GreatFind;persistent;true] is the best move. Black intends to advance the c-pawn. If White blocks it with} 34.Qc4 ( 34.Bd2 c4 35.Bc3 f6 {with a much more active position than in the game.} ) 34...Bg5 $1 {[%c_effect g5;square;g5;type;GreatFind;persistent;true] is now a very good resource.} 35.Bxg5 hxg5 {with good drawing chances for Black since it's not easy to break her position.} ) 34.Bd2 $1 Kf8 35.Bc3 f6 36.Qb3 {Now Black has no counterplay at all: no c4-advance and no Be7-g5 to exchange bishops, the two main ideas we saw in the analysis of 30...Rc8.} 36...Qc8 37.Qc4 Qe8 38.g3 {Lei calmly reinforces her position.} 38...Qc8 39.Kg2 Qe8 40.h4 h5 {This natural move worsens Black's pawn structure since the pawn becomes vulnerable after the f2-f4 break, as it will soon become clear.} 41.Bd2 $1 Rb8 ( 41...Qc8 42.a5 $1 bxa5 43.Be3 $1 {[%c_effect e3;square;e3;type;GreatFind;persistent;true] This leads to a nice win:} 43...a4 44.Rxc5 Qd8 45.Rc7 $1 a3 46.Rxe7 $1 Qxe7 ( 46...Kxe7 47.Bc5+ Kd7 48.Qd5+ Kc7 49.b6+ ) 47.Bc5 a2 48.Bxe7+ Kxe7 49.Qc7+ Kf8 50.Qd6+ $1 Ke8 51.Qc6+ $18 {and the rook is captured.} ) 42.f4 $1 exf4 43.Bxf4 Rb7 44.Qe2 $1 g6 45.e5 $1 {[%c_effect e5;square;e5;type;GreatFind;persistent;true] The last moves by Lei are all very strong. White is winning.} 45...Qa8 {The alternatives don't help:} ( 45...Rd7 46.Qf3 ) ( 45...fxe5 46.Rxe5 ) ( 45...f5 46.e6 ) 46.Qf3 f5 47.Rd7 $1 Ra7 48.Qxa8+ ( 48.Bh6+ $1 {[%c_effect h6;square;h6;type;GreatFind;persistent;true] leads to a quicker win:} 48...Ke8 ( 48...Kf7 49.Rxa7 Qxa7 50.Qd5+ Ke8 51.e6 Qc7 52.Qa8+ Bd8 53.Bg5 {followed by e6-e7.} ) 49.Rxa7 Qxa7 50.e6 {Black is paralyzed.} ) 48...Rxa8 49.e6 Rxa4 50.Rb7 Ra8 51.Rxb6 {The endgame is easily winning.} 51...c4 52.Rc6 Bd8 53.b6 Ra2+ 54.Kf3 Rb2 ( {If Black keeps checking, the king simply goes to the center:} 54...Ra3+ 55.Ke2 Ra2+ 56.Ke3 Ra3+ 57.Kd4 ) 55.Rc8 {The bishop is lost.} 55...Rb3+ 56.Ke2 Rxb6 57.Rxd8+ Ke7 58.Rc8 Rxe6+ 59.Kd2 Re4 60.Kc3 Kf7 61.Rxc4 {White has no technical problems to win. It's important to observe that the h8-square is of the same color as White's bishop. This detail makes the conversion easier.} 61...Re8 62.Rc7+ Kf6 63.Bg5+ Ke5 ( 63...Ke6 64.Rg7 {winning the g6-pawn.} ) 64.Re7+ Rxe7 65.Bxe7 {An excellent game by Lei.} ( 65.Bxe7 f4 66.gxf4+ Kxf4 67.Bg5+ Ke4 68.Kc4 {White's king will soon capture both black pawns.} ) 1-0

[Event "E Women's Chess World Championship"]
[Site "Shanghai, China"]
[Date "2023.07.12"]
[Round "6"]
[White "Ju, Wenjun"]
[Black "Lei, Tingjie"]
[Result "1/2-1/2"]
[WhiteElo "2564"]
[BlackElo "2554"]
[ECO "D32"]
[EventDate "2023.??.??"]
[Annotator "rafael"]
[PlyCount "95"]
[Beauty "5704119225862"]
[EventType "match"]
[EventRounds "3"]
[EventCountry "CHN"]
[TimeControl "40/5400+30:1800+30"]

1.d4 d5 2.c4 e6 3.cxd5 exd5 4.Nc3 c5 5.Nf3 Nc6 {The Tarrasch Defense, once one of Kasparov's favorite weapons.} 6.dxc5 ( 6.g3 {is the main line.} 6...Nf6 7.Bg2 cxd4 $5 ( 7...Be7 {is the old move.} ) 8.Nxd4 Bc5 {This is an important position for opening theory nowadays.} ) 6...d4 7.Na4 Bxc5 8.Nxc5 Qa5+ 9.Bd2 ( 9.Qd2 {is also possible:} 9...Qxc5 10.e3 ( 10.a3 Nge7 11.b4 Qb6 12.Bb2 O-O 13.Bxd4 Nxd4 14.Qxd4 Nc6 15.Qb2 a5 16.b5 a4 17.e3 Na5 {with compensation for the pawn, as seen in many games.} ) 10...dxe3 11.Qxe3+ Qxe3+ 12.Bxe3 Nge7 {with a similar position to the one played in the game.} ) 9...Qxc5 10.e3 {The third most popular move.} ( 10.Rc1 ) ( 10.b4 ) 10...dxe3 11.Bxe3 Qb4+ 12.Qd2 ( 12.Bd2 {This pawn sacrifice is an attempt to sharpen the game, but White has no advantage after} 12...Qxb2 13.Bc4 Bf5 $1 14.O-O Nge7 ) 12...Qxd2+ 13.Bxd2 ( 13.Nxd2 Nf6 14.Bb5 O-O 15.Bxc6 bxc6 16.O-O Nd5 {with equality in Mamedyarov-Artemiev, Aimchess Rapid 2021.} ) 13...Nge7 ( 13...Nf6 {is also playable.} ) 14.Bc4 O-O 15.O-O-O a6 {A new move.} ( 15...Bg4 16.Bc3 Bxf3 17.gxf3 Rfd8 18.Rxd8+ Rxd8 19.Rd1 Rxd1+ 20.Kxd1 Nf5 {A draw was agreed in the correspondence game Bjorneboe-Senzacqua, ICCF email 2018. In an over-the-board game, the battle between the pair of knights and pair of bishops can continue.} ) 16.b3 {A good move in order to place the king on the safe b2-square.} 16...Bf5 17.Kb2 b5 18.Be2 Rfd8 {Neither player has consumed much time up to this point, but Ju now starts to think.} 19.Rhe1 Rac8 {White's hopes of winning the endgame are connected to the pair of bishops. Black's pieces, however, are very active, and this is enough to equalize the game.} 20.Bg5 f6 21.Rxd8+ Rxd8 22.Bd2 Bd3 {As is well known, the main strategy against the bishop pair is to try to exchange one of them.} 23.Bd1 Kf7 24.h4 h5 25.a3 g6 {A useful move to protect the h5-pawn.} 26.Be3 Be4 ( 26...Nd5 {is also good.} ) 27.Bb6 Rd7 {The bishop on d1 is not very impressive and Ju decides it's time to exchange it. Without the pair of bishops, White has nothing.} 28.Rxe4 Rxd1 29.Bc5 Rd5 30.Bxe7 Nxe7 {The game quickly peters out to a draw.} 31.a4 Nc6 32.axb5 axb5 33.Kc2 g5 34.hxg5 fxg5 35.Nd2 Re5 36.Rxe5 Nxe5 37.Ne4 Kg6 38.Kd2 Nc6 39.Ke3 h4 40.f3 Na5 41.Nc3 b4 42.Nd5 Nxb3 43.Nxb4 g4 44.fxg4 Kg5 45.Nd3 Kxg4 46.Ne5+ Kg3 47.Ng6 Kxg2 48.Nxh4+ {Lei, once again, got the better of the opening battle. Ju needs to pose more problems to her opponent in that phase of the game.} 1/2-1/2